 Dungeon Crawl Stone Soup version 0.28.0 (webtiles) character file.

Game seed: 10835220432601230589

222 raph the Spear-Bearer (level 5, -6/32 (38) HPs)
             Began as a Merfolk Gladiator on Feb 8, 2022.
             Was a Believer of Kikubaaqudgha.
             Mangled by a wight (11 damage)
             ... on level 3 of the Dungeon.
             The game lasted 00:05:34 (4263 turns).

raph the Spear-Bearer (Merfolk Gladiator)           Turns: 4263, Time: 00:05:34

HP:   -6/32 (38)    AC:  4    Str: 15    XL:     5   Next: 99%
MP:   5/5           EV: 13    Int:  7    God:    Kikubaaqudgha [**....]
Gold: 98            SH:  0    Dex: 17    Spells: 4/4 levels left

rFire   . . .      SeeInvis .   d - +0 halberd
rCold   . . .      Faith    .   (shield currently unavailable)
rNeg    . . .      Spirit   .   b - +0 leather armour
rPois   +          Reflect  .   c - +0 helmet
rElec   .          Harm     .   (no cloak)
rCorr   .          Rampage  .   (no gloves)
Will    .....                   (no boots)
Stlth   +.........              g - amulet of magic regeneration
HPRegen 0.10/turn               h - ring of poison resistance
MPRegen 0.49/turn               (no ring)

@: heavily drained
A: (nimble swimmer 2), mertail
a: Renounce Religion, Receive Corpses


You were on level 3 of the Dungeon.
You worshipped Kikubaaqudgha.
Kikubaaqudgha was pleased with you.
You visited 1 branch of the dungeon, and saw 4 of its levels.

You collected 98 gold pieces.

Inventory:

Hand Weapons
 a - a +1 trident
 d - a +0 halberd (weapon)
Missiles
 l - 2 poisoned darts
 n - a throwing net (quivered)
Armour
 b - a +0 leather armour (worn)
 c - a +0 helmet (worn)
Jewellery
 g - an amulet of magic regeneration (around neck)
 h - a ring of poison resistance (left hand)
Wands
 m - a wand of flame (1)
Potions
 e - 2 potions of magic {unknown}
 f - 2 potions of curing {unknown}
 i - a potion of lignification
 k - a potion of invisibility {unknown}


   Skills:
 - Level 2.1 Fighting
 + Level 8.3 Polearms
 - Level 2.0 Throwing
 - Level 4.0 Dodging
 + Level 2.1 Necromancy


You had 4 spell levels left.
You didn't know any spells.
Your spell library contained the following spells:

 Spells                   Type           Power      Damage    Failure   Level
 Animate Skeleton         Necr           6%         N/A       24%         1
 Pain                     Necr           12%        1d4       24%         1
 Corpse Rot               Necr/Air       2%         N/A       50%         2
 Vampiric Draining        Necr           3%         2d6       56%         3


Dungeon Overview and Level Annotations

Branches:
Dungeon (4/15)
 Temple: D:4-7

Altars:
Kikubaaqudgha

Shops:
D:2 (


Innate Abilities, Weirdness & Mutations

((You are very nimble when in or above water. (Stealth+, EV+, Speed+++)))
Your lower body shifts to a powerful aquatic tail in water.


Message History

You hit the wight.
The wight is almost destroyed.
The wight hits you with a +1 great sword.
You feel drained. The wight misses you.
You hit the wight but do no damage.
The wight is almost destroyed.
The wight completely misses you.
The wight hits you with a +0 long sword!
You feel drained.
You closely miss the wight.
The wight is almost destroyed.
The wight barely misses you.
The wight hits you with a +0 long sword!
You feel drained.
You are too injured to fight recklessly!
You are too injured to fight recklessly!
You are too injured to fight recklessly!
You are too injured to fight recklessly!
You are too injured to fight recklessly!
You are too injured to fight recklessly!
The wight misses you.
You see here a +0 whip.
You are too injured to fight recklessly!
You barely miss the wight.
The wight is almost destroyed.
The wight hits you with a +1 great sword!
* * * LOW HITPOINT WARNING * * *
You feel drained.
* * * LOW HITPOINT WARNING * * *
Press: ? - help, v - describe, . - travel
Here: a wight, wielding a +1 great sword and wearing a +0 robe (almost destroyed)
The floor.
Press: ? - help, v - describe, . - travel
Here: a wight, wielding a +0 long sword and wearing a +0 robe The floor.
Things that are here:
a +0 dagger; a +0 club The wight hits you with a +1 great sword!
You die...
Kikubaaqudgha rasps: "You have failed me!
Welcome... death!"

......#.......######......#.#.#.#
##.#.................###....#...#
##....#<....#.######.# #..#.#.#..
#..#........#.### #.# #..#...##.
.....).......รท..# #.###..#.#....
..##....#####.#.# #.#......##.##
......#.#.....#.####.#....#......
#..#.##.#.#.#.............##.###.
......#.#.#.#...@z)..z...........
........#.#.#......).............
######..#...#.#.####.#.#.#.......
# #..#.....#.# #.#.#.#....... #
#..#.#..##.####.#.#.#......[ #
#..#.#.........>#.#.#.....(. #
#..#.##.##.######.#.#.......
######..#....##.#<.....#.#.......
..............#.########.#.......


You could see 2 wights.

Vanquished Creatures
  Jessica (D:2)
  An iguana (D:3)
  Ijyb (D:3)
  Natasha (twice) (D:2)
  3 gnolls (D:3)
  4 dart slugs
  An orc (D:3)
  4 ball pythons
  8 bats
  4 endoplasms
  2 giant cockroaches (D:2)
  8 goblins
  4 hobgoblins
  A jackal (D:2)
  3 quokkas
  2 frilled lizards
  5 kobolds
  6 rats
60 creatures vanquished.

Notes
Turn   | Place    | Note
-------+----------+-------------------------------------------
     0 | D:1      | raph the Merfolk Gladiator began the quest for the Orb.
     0 | D:1      | Reached XP level 1. HP: 16/16 MP: 1/1
    43 | D:1      | Found a faded altar of an unknown god.
   109 | D:1      | Prayed at the altar of an unknown god.
   109 | D:1      | Became a worshipper of Kikubaaqudgha
   109 | D:1      | Reached * piety under Kikubaaqudgha
   109 | D:1      | Received a gift from Kikubaaqudgha
   359 | D:1      | Reached skill level 5 in Polearms
   548 | D:1      | Reached XP level 2. HP: 22/22 MP: 2/2
  1282 | D:2      | Reached skill level 6 in Polearms
  1282 | D:2      | Reached XP level 3. HP: 20/27 MP: 3/3
  1531 | D:2      | Noticed a phantom
  1690 | D:2      | Found Piufuav's Antique Weapon Emporium.
  2019 | D:2      | Noticed Jessica
  2031 | D:2      | Killed Jessica
  2160 | D:2      | Reached ** piety under Kikubaaqudgha
  2161 | D:2      | Reached XP level 4. HP: 33/33 MP: 4/4
  2176 | D:2      | Reached skill level 7 in Polearms
  2318 | D:2      | Noticed Natasha
  2328 | D:2      | Killed Natasha
  2557 | D:2      | Noticed Natasha
  2565 | D:2      | Killed Natasha
  2566 | D:2      | Reached skill level 1 in Necromancy
  2566 | D:2      | Reached XP level 5. HP: 35/38 MP: 5/5
  3386 | D:3      | Noticed Ijyb
  3394 | D:3      | Killed Ijyb
  3395 | D:3      | Reached skill level 8 in Polearms
  4225 | D:3      | HP: 1/32 [wight (1)]
  4263 | D:3      | Mangled by a wight

Illustrated notes

Levels and vault maps discovered:
D:1:      scummos_arrival_star, layout_loops_corners,
          hellmonk_ecumenical_altar_lost_god
D:2:      layout_basic, serial_shops, nicolae_shop_window_shopping,
          minmay_tall_x, uniq_natasha, uniq_jessica
D:3:      layout_basic, nicolae_concentric_dashed_squares_mild, uniq_ijyb
D:4:      layout_gridville, chequers_serial_rivers_room_a,
          minmay_goblin_kobold_house

Skill      XL: |  1  2  3  4  5 |
---------------+----------------+-----
Polearms       | 5 6 7 8 |  8.3
Necromancy     | 1 2 |  2.1
Fighting       | |  2.1
Throwing       | |  2.0
Dodging        | |  4.0

Action                   |  1- 3 |  4- 6 || total
-------------------------+-------+-------++-------
Melee: Trident           |    75 |    85 ||   160
       Punch             |     1 |       ||     1
       Halberd           |       |    18 ||    18
Throw: Throwing net      |       |     4 ||     4
       Dart              |       |     3 ||     3
  Use: Scroll            |     2 |     4 ||     6
       Potion            |     1 |       ||     1
 Stab: Sleeping          |     2 |       ||     2
       Held in net/web   |       |     2 ||     2
Armor: Leather armour    |    12 |     8 ||    20
Dodge: Dodged            |    52 |    41 ||    93
